 Dungeon Crawl Stone Soup version 0.26-a0-40-gfe7b5d5a6f (console) character file.

Game seed: 17182365698305401558, levelgen mode: deterministic

263 Kagalorn the Slasher (level 6, 37/37 HPs)
             Began as a Gargoyle Fighter on June 1, 2020.
             Quit the game on level 4 of the Dungeon.
             The game lasted 00:10:17 (3342 turns).

Kagalorn the Slasher (Gargoyle Fighter)             Turns: 3342, Time: 00:10:18

Health: 37/37      AC: 15    Str: 19    XL:     6   Next: 19%
Magic:  6/6        EV:  5    Int: 11    God:
Gold:   97         SH:  9    Dex:  9    Spells: 5/5 levels left

rFire    . . .     SeeInvis .   a - +0 long sword
rCold    . . .     Gourm    .   c - +0 kite shield
rNeg     + . .     Faith    .   p - +0 chain mail
rPois    ∞         Spirit   .   w - +0 helmet
rElec    +         Reflect  .   (no cloak)
rCorr    .         Harm     .   k - +0 pair of gloves (curse)
MR       .....                  (no boots)
Stlth    ..........             (no amulet)
HPRegen  0.12/turn              (no ring)
MPRegen  0.10/turn              (no ring)

@: starving
A: negative energy resistance 1, electricity resistance, unbreathing,
petrification resistance, rot immunity, AC +4
a: no special abilities


You were on level 4 of the Dungeon.
You were starving.

You visited 1 branch of the dungeon, and saw 4 of its levels.

You collected 97 gold pieces.

Inventory:

Hand Weapons
 a - a +0 long sword (weapon)
 s - a +1 flail of holy wrath
Missiles
 e - 29 sling bullets
 q - 65 stones (quivered)
Armour
 c - a +0 kite shield (worn)
 k - a cursed +0 pair of gloves (worn)
 p - a +0 chain mail (worn)
 w - a +0 helmet (worn)
Jewellery
 i - a +6 ring of strength {unknown}
 y - an uncursed ring of protection from magic {unknown}
Scrolls
 b - a scroll of enchant armour {unknown}
 g - 2 scrolls of teleportation {unknown}
 h - a scroll of fog {unknown}
 n - 3 scrolls of identify {unknown}
 o - a scroll of enchant weapon {unknown}
 t - 2 scrolls of amnesia {unknown}
 v - a scroll of immolation {unknown}
Potions
 d - a potion of might
 j - 2 potions of heal wounds {unknown}
 l - a potion of brilliance {unknown}
 r - 4 potions of curing {unknown}
 u - a potion of magic {unknown}
 x - 2 potions of flight {unknown}
 z - a potion of ambrosia {unknown}
 B - a potion of mutation {unknown}
 C - 2 potions of degeneration {unknown}


   Skills:
 - Level 3.2 Fighting
 + Level 5.7 Long Blades
 - Level 3.2 Armour
 - Level 3.2 Shields


You had 5 spell levels left.
You didn't know any spells.
Your spell library was empty.

Dungeon Overview and Level Annotations

Branches:
Dungeon (4/15)
 Temple: D:4-7

Altars:
Nemelex Xobeh


Innate Abilities, Weirdness & Mutations

You are resistant to torment.
Your stone body is resilient. (AC +4)
You are immune to poison.
You resist negative energy. (rN+)
You are resistant to electric shocks. (rElec)
You can survive without breathing.
You are immune to petrification.
You are immune to rotting.


Message History

The hungry ghost hits you.
You are feeling very hungry.
You miss the hungry ghost.
The hungry ghost is lightly damaged.
You block the hungry ghost's attack. The hungry ghost hits you.
You are near starving!
You hit the hungry ghost.
The hungry ghost is lightly damaged.
You block the hungry ghost's attack.
You closely miss the hungry ghost.
The hungry ghost is lightly damaged.
The hungry ghost hits you.
You feel somewhat more hungry.
Your shield and chain mail prevent you from hitting the hungry ghost.
The hungry ghost is lightly damaged.
You block the hungry ghost's attack.
You see here a morningstar.
You hear the slow rusting of a distant drain.
You are starving!
Found 2 gold pieces.
Are you sure you want to abandon this character and quit the game? (Confirm with "yes".)

##)####.# #.#
#.# .# #.# #.#
.# # #.# #.#
.#.#
#.####.##.#.##
#............#
######.##.#..
#......W#.#
#....###@.#
#.$.# ##.#
#... .# #.. .#
#. #. #. . ..
.#


You could see a hungry ghost.

Vanquished Creatures
  A hound (D:3)
  Terence (D:2)
  3 gnolls (D:3)
  9 adders
  An adder skeleton (D:3)
  3 worms
  2 dart slugs
  5 leopard geckos
  5 bats
  8 giant cockroaches
  7 goblins
  9 hobgoblins
  3 jackals
  2 quokkas (D:2)
  3 ball pythons
  9 frilled lizards
  6 kobolds
  11 rats
88 creatures vanquished.

Notes
Turn   | Place    | Note
-------+----------+-------------------------------------------
     0 | D:1      | Kagalorn the Gargoyle Fighter began the quest for the Orb.
     0 | D:1      | Reached XP level 1. HP: 14/14 MP: 1/1
    37 | D:1      | Reached skill level 2 in Long Blades
    56 | D:1      | Reached XP level 2. HP: 19/19 MP: 2/2
   210 | D:1      | Reached skill level 3 in Long Blades
   241 | D:1      | Reached XP level 3. HP: 23/23 MP: 3/3
   727 | D:2      | Noticed Terence
   750 | D:2      | Killed Terence
   750 | D:2      | Reached skill level 4 in Long Blades
   750 | D:2      | Reached XP level 4. HP: 15/28 MP: 4/4
  1507 | D:2      | Reached XP level 5. HP: 32/32 MP: 5/5
  1657 | D:2      | Found a faded altar of an unknown god.
  2381 | D:3      | Reached skill level 5 in Long Blades
  2472 | D:3      | Reached XP level 6. HP: 22/37 MP: 6/6
  2788 | D:3      | Found a sparkling altar of Nemelex Xobeh.
  2992 | D:3      | Noticed a hungry ghost
  3342 | D:4      | Quit the game

Illustrated notes

Levels and vault maps discovered:
D:1:      nicolae_arrival_washed_ashore, layout_rooms, minmay_tromino_v7
D:2:      layout_basic, chequers_ecumenical_altar_grove, first_ration,
          corexii_corridor_pit, uniq_terence
D:3:      minmay_chambers_of_threes, layout_basic, nemelex_altar_shiori
D:4:      layout_loops_ring, minitemple, nicolae_ru_path_of_blood,
          minmay_temple_entry_junction, gup_sewer_entry_spiral, hex_tiny

Skill      XL: |  1  2  3  4  5 |
---------------+----------------+-----
Long Blades    | 2 3 4 5 |  5.7
Fighting       | |  3.2
Armour         | |  3.2
Shields        | |  3.2

Action                   |  1- 3 |  4- 6 || total
-------------------------+-------+-------++-------
Melee: Long sword        |   136 |   354 ||   490
Throw: Javelin           |       |     8 ||     8
  Eat: Chunk             |       |    11 ||    11
       Ration            |       |     5 ||     5
Armor: Scale mail        |    54 |       ||    54
       Chain mail        |    18 |   245 ||   263
Dodge: Dodged            |    45 |    76 ||   121
Block: Kite shield       |    74 |   189 ||   263
       Rpst.: Long sword |    17 |    26 ||    43

Table legend:
 A = Non-vault XP
 B = Vault XP
 C = Vault XP percentage of total XP
 D = Non-vault monster count
 E = Vault monster count
 F = Vault count percentage of total count
                 A         B        C        D         E       F
            +---------+---------+-------+---------+---------+-------
      Total |     318 |      58 |  15.4 |      73 |      15 |  17.0
            +---------+---------+-------+---------+---------+-------
        D:1 |      54 |       4 |   6.9 |      30 |       3 |   9.1
        D:2 |     116 |      36 |  23.7 |      29 |       1 |   3.3
        D:3 |     148 |      18 |  10.8 |      14 |      11 |  44.0
            +---------+---------+-------+---------+---------+-------
